 Dungeon Crawl Stone Soup version 0.22-a0-570-g58866f5 (webtiles) character file.

760 Hebeh the Chopper (level 7, -5/61 HPs)
             Began as a Minotaur Fighter on June 30, 2018.
             Slain by Sigmund
             ... wielding a +0 scythe
              (10 damage)
             ... on level 5 of the Dungeon.
             The game lasted 00:08:00 (3324 turns).

Hebeh the Chopper (Minotaur Fighter)                Turns: 3324, Time: 00:08:01

Health: -5/61      AC:  7    Str: 22    XL:     7   Next: 50%
Magic:  7/7        EV:  7    Int:  5    God:
Gold:   145        SH:  0    Dex: 10    Spells: 6/6 levels left

rFire    . . .     SeeInvis .   a - +0 war axe
rCold    . . .     Gourm    .   c - +0 shield
rNeg     . . .     Faith    .   b - +0 scale mail
rPois    .         Spirit   .   (helmet restricted)
rElec    .         Reflect  .   (no cloak)
rCorr    .         Harm     .   (no gloves)
MR       .....                  (no boots)
Stlth    ..........             (no amulet)
HPRegen  0.20/turn              (no ring)
MPRegen  0.10/turn              (no ring)

@: confused
A: retaliatory headbutt, horns 2
a: no special abilities


You were on level 5 of the Dungeon.
You were not hungry.

You visited 1 branch of the dungeon, and saw 5 of its levels.

You collected 145 gold pieces.

Inventory:

Hand Weapons
 a - a +0 war axe (weapon)
Armour
 b - a +0 scale mail (worn)
 c - a +0 shield (worn)
Jewellery
 y - an uncursed amulet of the gourmand {unknown}
Wands
 v - a wand of enslavement (12)
Scrolls
 e - a scroll of noise {unknown}
 j - 3 scrolls of remove curse {unknown}
 m - 4 scrolls of teleportation {unknown}
 o - 5 scrolls of identify {unknown}
 p - a scroll of fear {unknown}
 q - a scroll of amnesia {unknown}
 s - a scroll of magic mapping {unknown}
 t - 2 scrolls of blinking {unknown}
 u - a scroll of fog {unknown}
Potions
 d - a potion of might
 g - a potion of berserk rage {unknown}
 i - 2 potions of curing
 k - 2 potions of resistance {unknown}
 l - a potion of heal wounds {unknown}
 n - 2 potions of ambrosia {unknown}
 r - a potion of lignification {unknown}
 w - a potion of flight {unknown}
 x - a potion of degeneration {unknown}
 z - 3 potions of mutation {unknown}
 A - a potion of cancellation {unknown}
Comestibles
 f - 14 rations
 h - 11 chunks of flesh


   Skills:
 + Level 5.5 Fighting
 * Level 6.4 Axes
 + Level 1.6 Throwing
 + Level 5.5 Armour
 + Level 5.5 Shields
 + Level 1.4 Evocations


You had 6 spell levels left.
You didn't know any spells.
Your spell library was empty.

Dungeon Overview and Level Annotations

Branches:
Dungeon (5/15)
 Temple: D:4-7

Altars:
Nemelex Xobeh

Annotations:
D:5 Sigmund


Innate Abilities, Weirdness & Mutations

You reflexively headbutt those who attack you in melee.
You have a pair of horns on your head.


Message History

You closely miss something. You block something's attack.
You closely miss something. Something hits you!
You miss something. Something hits you.
You barely miss something. Something hits you!
You miss something. Your headbutt misses something. You slash something!
You headbutt something. Something hits you.
* * * LOW HITPOINT WARNING * * *
Your shield and scale mail prevent you from hitting something.
Your headbutt misses something. Something hits you!
* * * LOW HITPOINT WARNING * * *
You miss something.
You hear some strange, mumbled words.
You are confused.
You closely miss something. Something hits you.
* * * LOW HITPOINT WARNING * * *
You bump into the rock wall.
Something hits you.
* * * LOW HITPOINT WARNING * * *
Your shield prevents you from hitting something.
Something hits you!
You die...

##...## #.....#
##...## #. ##.##
#
....###.####....
#..........#
#.####.######
#.# #@#
.......{#
.######.# #.#
#.. ..# ... ...


There were no monsters in sight!

Vanquished Creatures
  2 ogres (D:4)
  3 hounds
  An orc wizard (D:4)
  3 iguanas
  Jessica (D:3)
  Natasha (thrice) (D:2)
  Terence (D:3)
  3 worker ants
  Robin (D:3)
  3 gnolls (D:3)
  7 adders
  An ooze (D:1)
  A worm (D:2)
  3 leopard geckos
  12 orcs
  3 giant cockroaches
  14 goblins
  8 hobgoblins
  3 jackals (D:1)
  2 quokkas
  A ball python (D:1)
  5 bats (D:1)
  5 frilled lizards
  5 kobolds
  8 rats
99 creatures vanquished.

Notes
Turn   | Place    | Note
-------+----------+-------------------------------------------
     0 | D:1      | Hebeh the Minotaur Fighter began the quest for the Orb.
     0 | D:1      | Reached XP level 1. HP: 19/19 MP: 0/0
   127 | D:1      | Reached skill level 3 in Axes
   127 | D:1      | Reached XP level 2. HP: 25/27 MP: 1/1
   206 | D:1      | Reached XP level 3. HP: 32/33 MP: 2/2
   542 | D:2      | Found a faded altar of an unknown god.
   557 | D:2      | Reached XP level 4. HP: 38/40 MP: 3/3
   573 | D:2      | Noticed Natasha
   579 | D:2      | Killed Natasha
   579 | D:2      | Reached skill level 4 in Axes
   593 | D:2      | Noticed Natasha
   597 | D:2      | Killed Natasha
   657 | D:2      | Noticed Natasha
   662 | D:2      | Killed Natasha
   662 | D:2      | Reached XP level 5. HP: 31/47 MP: 4/4
   707 | D:2      | Found a sparkling altar of Nemelex Xobeh.
   898 | D:3      | Noticed Robin
   908 | D:3      | Killed Robin
  1066 | D:3      | Noticed Terence
  1074 | D:3      | Killed Terence
  1210 | D:3      | Reached skill level 5 in Axes
  1253 | D:3      | Noticed Jessica
  1267 | D:3      | Killed Jessica
  1267 | D:3      | Reached XP level 6. HP: 37/55 MP: 5/5
  1448 | D:3      | Reached skill level 5 in Armour
  1448 | D:3      | Reached skill level 5 in Shields
  1917 | D:4      | Reached skill level 5 in Fighting
  2425 | D:4      | Reached skill level 1 in Throwing
  2425 | D:4      | Reached skill level 1 in Evocations
  2425 | D:4      | Reached XP level 7. HP: 60/61 MP: 6/6
  2444 | D:4      | HP: 3/61 [ogre/giant club (20)]
  2449 | D:4      | HP: 2/61 [poisoned by a worker ant]
  2450 | D:4      | Reached skill level 6 in Axes
  3067 | D:5      | Entered Level 5 of the Dungeon
  3302 | D:5      | Noticed Sigmund
  3324 | D:5      | Slain by Sigmund

Vault maps used:
D:1:      zelgadis_glass_arrival_small, serial_glass, glass_columns_b,
          glass_columns_a
D:2:      lemuel_crystal_altar, first_ration, chequers_ecumenical_altar_simple,
          uniq_natasha
D:3:      grunt_decor_one_mirror, kennysheep_generic_room_2, uniq_jessica,
          uniq_robin, uniq_terence
D:4:      portal_sewer_entry_d
D:5:      uniq_sigmund

Skill      XL: |  1  2  3  4  5  6  7 |
---------------+----------------------+-----
Axes           | 3 4 5 6 |  6.4
Fighting       | 4 5 |  5.5
Shields        | 4 5 |  5.5
Armour         | 4 5 |  5.5
Throwing       | 1 |  1.6
Evocations     | 1 |  1.4

Action                   |  1- 3 |  4- 6 |  7- 9 || total
-------------------------+-------+-------+-------++-------
Melee: War axe           |   114 |   125 |    45 ||   284
       Headbutt          |    17 |    23 |    12 ||    52
  Use: Potion            |       |       |     1 ||     1
  Eat: Chunk             |       |     5 |     3 ||     8
Armor: Scale mail        |    75 |    54 |    19 ||   148
Dodge: Dodged            |    39 |    26 |     7 ||    72
Block: Shield            |    79 |    57 |    25 ||   161

Table legend:
 A = Spawn XP
 B = Non-spawn XP
 C = Spawn XP percentage of total XP
 D = Spawn monster count
 E = Non-spawn monster count
 F = Spawn count percentage of total count
 G = Total turns spent on level
                    A         B        C        D         E        F      G
               +---------+---------+-------+---------+---------+-------+---------
         Total |       0 |    1086 |   0.0 |       0 |      99 |   0.0 |  3324
               +---------+---------+-------+---------+---------+-------+---------
           D:1 |       0 |      51 |   0.0 |       0 |      27 |   0.0 |   437
           D:2 |       0 |     178 |   0.0 |       0 |      18 |   0.0 |   460
           D:3 |       0 |     244 |   0.0 |       0 |      29 |   0.0 |   992
           D:4 |       0 |     484 |   0.0 |       0 |      17 |   0.0 |  1186
           D:5 |       0 |     129 |   0.0 |       0 |       8 |   0.0 |   249
               +---------+---------+-------+---------+---------+-------+---------
